 Dungeon Crawl Stone Soup version 0.18-a0-24-g6e14259 (webtiles) character file.

1381 tp1 the Magician (level 8, -1/41 HPs)
             Began as a Deep Elf Wizard on Nov 3, 2015.
             Slain by Pikel
             ... wielding a +2 whip of freezing
              (3 damage)
             ... on level 6 of the Dungeon.
             The game lasted 00:38:45 (7501 turns).

tp1 the Magician (Deep Elf Wizard)                  Turns: 7501, Time: 00:38:45

Health: -1/41      AC:  6    Str:  4    XL:     8   Next: 39%
Magic:  6/20       EV: 12    Int: 26    God:
Gold:   350        SH:  0    Dex: 13    Spells: 6 memorised, 7 levels left

rFire  . . .     SeeInvis .     J - staff of cold
rCold  + + .     Clarity  .     a - +0 robe
rNeg   . . .     SustAt   .     (no shield)
rPois  +         Gourm    .     p - +0 helmet (curse)
rElec  .         Spirit   .     z - +2 cloak {rPois}
rCorr  .         Warding  .     (no gloves)
rMut   .         Stasis   .     (no boots)
MR     .....                    (no amulet)
Stlth  ++........               (no ring)
                                v - ring of protection from cold

@: repel missiles, not resistant to hostile enchantments, unstealthy
A: no striking features
a: no special abilities


You were on level 6 of the Dungeon.
You were not hungry.

You visited 1 branch of the dungeon, and saw 6 of its levels.

You collected 350 gold pieces.

Inventory:

Hand Weapons
 n - a +2 vampiric hand axe
 o - a +0 short sword
 y - a +4 quarterstaff of chaos
Armour
 a - a +0 robe (worn)
 b - a +0 hat
 p - a cursed +0 helmet (worn)
 z - a +2 cloak of poison resistance (worn)
 M - a +2 buckler
Magical Staves
 J - an uncursed staff of cold (weapon)
Jewellery
 u - an uncursed amulet of warding
 v - a ring of protection from cold (left hand)
 D - an uncursed amulet of stasis
Wands
 m - a wand of random effects (10)
 L - a wand of digging (5)
Scrolls
 f - 2 scrolls of immolation
 k - 2 scrolls of enchant armour
 x - a scroll of remove curse
 A - a scroll of teleportation {unknown}
 B - 6 scrolls of identify
 C - 2 scrolls of recharging {unknown}
 E - a scroll of fear {unknown}
 G - a scroll of enchant weapon {unknown}
 I - 2 scrolls of random uselessness {unknown}
Potions
 e - a potion of degeneration {unknown}
 g - 2 potions of flight {unknown}
 h - a potion of berserk rage {unknown}
 i - 3 potions of curing {unknown}
 j - 3 potions of brilliance {unknown}
 l - a potion of haste {unknown}
 r - a potion of might {unknown}
 w - a potion of lignification {unknown}
 F - 2 potions of heal wounds {unknown}
 H - 2 potions of ambrosia {unknown}
 K - a potion of magic {unknown}
Books
 c - a book of Minor Magic

   Spells                             Type                      Level
   a - Magic Dart                     Conjuration                  1
   b - Blink                          Translocation                2
   c - Call Imp                       Summoning                    2
   d - Repel Missiles                 Charms/Air                   2
   e - Slow                           Hexes                        2
   f - Conjure Flame                  Conjuration/Fire             3
   g - Mephitic Cloud                 Conjuration/Poison/Air       3
Comestibles
 d - a slice of pizza
 q - 3 bread rations
 s - a royal jelly
 t - a meat ration
 N - 7 chunks of flesh


   Skills:
 - Level 3.1 Staves
 - Level 2.4 Dodging
 - Level 2.4 Stealth
 - Level 3.0 Shields
 + Level 6.6 Spellcasting
 - Level 4.0 Conjurations
 - Level 1.1 Charms
 - Level 1.1 Summonings
 - Level 1.1 Translocations
 - Level 4.3 Fire Magic
 - Level 4.0 Air Magic
 - Level 3.1 Poison Magic
 - Level 2.1 Evocations


You had 7 spell levels left.
You knew the following spells:

 Your Spells              Type           Power        Failure   Level  Hunger
a - Magic Dart            Conj           ####         1%          1    None
b - Blink                 Tloc           N/A          10%         2    None
c - Call Imp              Summ           ##......     10%         2    None
d - Repel Missiles        Chrm/Air       ###...       3%          2    None
e - Conjure Flame         Conj/Fire      ###.....     4%          3    None
f - Mephitic Cloud        Conj/Pois/Air  ####....     6%          3    None


Dungeon Overview and Level Annotations

Branches:
Dungeon (6/15)
 Temple: D:4-7

Altars:

Annotations:
D:5 Grinder
D:6 Pikel


Message History

v - a ring of protection from cold (left hypha) Pikel hits you but does no damage.
Your transformation is almost over.
Pikel barely misses you. Pikel barely misses you. Pikel completely misses you.
Pikel hits you but does no damage. Pikel hits you but does no damage.
Pikel hits you but does no damage. Pikel barely misses you.
Pikel closely misses you.
You stop sporulating.
Your uncursed staff of cold unmelds from your body.
Your +2 cloak of poison resistance unmelds from your body.
Your +0 robe unmelds from your body.
You feel resistant to poison.
Pikel cracks his whip.
Pikel hits you with a whip of freezing.
* * * LOW HITPOINT WARNING * * *
Pikel hits you with a whip of freezing.
You die...

# #.# # #.#.# # #.#.# ######## ##
#.#.# ........ p# #.#.# ########
K# #.#.# # .## #.#.#
###################p.########.#.#
................@Kpp.............
####################.####.###.#.#
######### .# #.# #.#.# ........#
# # #.# #.#.# #######.# #.. #.#
#.#.# #.# #.##.###.#.# #(#
#..........# #.# #..#.###.### #.#
#..#.#.....


You could see Pikel and 3 slaves.

Vanquished Creatures
  Sigmund (D:5)
  A sky beast (D:5)
  2 ice beasts
  A phantom (D:6)
  An ogre (D:4)
  A centaur (D:6)
  2 giant frogs (D:6)
  A scorpion (D:4)
  A crimson imp (D:5)
  Crazy Yiuf (D:3)
  An orc priest (D:4)
  A hound (D:4)
  2 orc wizards
  Jessica (D:2)
  6 worker ants
  4 adders
  3 gnolls (D:4)
  3 shadow imps (D:5)
  An ooze (D:3)
  An adder skeleton (D:6)
  3 worms
  2 giant geckos
  9 orcs
  2 giant cockroaches
  9 hobgoblins
  11 jackals
  7 bats
  8 giant newts
  3 goblins (D:2)
  2 jackal skeletons
  12 kobolds
  2 quokkas
  7 rats
112 creatures vanquished.

Notes
Turn   | Place    | Note
--------------------------------------------------------------
     0 | D:1      | tp1 the Deep Elf Wizard began the quest for the Orb.
     0 | D:1      | Reached XP level 1. HP: 10/10 MP: 7/7
   170 | D:1      | Reached XP level 2. HP: 15/15 MP: 0/9
   651 | D:1      | Learned a level 2 spell: Blink
   654 | D:1      | Learned a level 2 spell: Call Imp
   657 | D:1      | Learned a level 2 spell: Repel Missiles
  2040 | D:2      | Reached XP level 3. HP: 19/19 MP: 6/10
  2637 | D:2      | Noticed Jessica
  2643 | D:2      | Learned a level 3 spell: Conjure Flame
  2646 | D:2      | Killed Jessica
  2646 | D:2      | Reached skill level 5 in Spellcasting
  2646 | D:2      | Reached XP level 4. HP: 24/24 MP: 8/13
  3423 | D:2      | Reached skill level 1 in Charms
  3429 | D:2      | Learned a level 3 spell: Mephitic Cloud
  3841 | D:3      | Reached XP level 5. HP: 25/28 MP: 9/14
  4204 | D:3      | Noticed Crazy Yiuf
  4214 | D:3      | Killed Crazy Yiuf
  4442 | D:4      | Reached XP level 6. HP: 32/32 MP: 5/15
  4447 | D:4      | Reached skill level 1 in Air Magic
  4867 | D:4      | Reached XP level 7. HP: 36/36 MP: 5/16
  5527 | D:5      | Entered Level 5 of the Dungeon
  5813 | D:5      | Noticed Grinder
  5933 | D:5      | Noticed Sigmund
  5992 | D:5      | Reached skill level 6 in Spellcasting
  6253 | D:5      | Killed Sigmund
  6682 | D:6      | Reached XP level 8. HP: 28/41 MP: 0/19
  7031 | D:6      | Reached skill level 1 in Shields
  7442 | D:6      | Noticed Pikel
  7500 | D:6      | HP: 2/41 [Pikel/whip of freezing (6)]
  7501 | D:6      | Slain by Pikel

Vault maps used:
D:1:      dpeg_arrival_simpleton_c, minmay_lizard_king
D:2:      minmay_misc_feat_roman, uniq_jessica
D:3:      first_bread, uniq_crazy_yiuf_cottage
D:5:      uniq_sigmund, uniq_grinder
D:6:      uniq_pikel

Action                   |  1- 3 |  4- 6 |  7- 9 || total
-------------------------+-------+-------+-------++-------
Melee: Hand axe          |       |     1 |       ||     1
       Quarterstaff      |       |    13 |    12 ||    25
       Staff             |       |       |     1 ||     1
 Cast: Magic Dart        |    84 |   112 |   153 ||   349
       Blink             |       |     4 |       ||     4
       Conjure Flame     |       |     3 |     1 ||     4
       Mephitic Cloud    |       |     2 |     2 ||     4
       Call Imp          |       |       |     1 ||     1
       Repel Missiles    |       |       |     1 ||     1
  Use: Scroll            |       |     4 |     1 ||     5
  Eat: Chunk             |     5 |     7 |     6 ||    18
       Bread ration      |     1 |       |       ||     1
       Pizza             |       |       |     1 ||     1
